[Event "Early-Titled-Tuesday-Blitz-May-28-2024"]
[Site "Chess.com"]
[Date "2024.05.28"]
[Round "1"]
[White "LLariMarc"]
[Black "eagleclaw07"]
[Result "1-0"]
[WhiteElo "2488"]
[BlackElo "2826"]
[TimeControl "180+1"]
[EndTime "8:07:40 PDT"]
[Termination "LLariMarc won by resignation"]

1. d4 Nf6 2. Nf3 g6 3. Bf4 Bg7 4. e3 O-O 5. c3 d6 6. Nbd2 Nbd7 7. Be2 Qe8 8. O-O e5 9. Bg3 h6 10. h3 Nh5 11. Bh2 f5 12. Ne1 Nhf6 13. Nc4 g5 14. Kh1 e4 15. a4 a5 16. Nc2 b6 17. N2a3 Ba6 18. b4 Kh8 19. bxa5 bxa5 20. Nb5 Qd8 21.
Nxa5 Nb6 22. Nc6 Qd7 23. Nb4 Bb7 24. a5 Nbd5 25. a6 Bc6 26. Nxc6 Qxc6 27. c4 Nb6 28. Qb3 f4 29. exf4 gxf4 30. Bxf4 d5 31. c5 Nc4 32.
Nxc7 Ra7 33. Nb5 Rxa6 34. Rxa6 Qxa6 35. Nd6 Nh5 36. Be3 Nf4 37. Bxf4 Rxf4 38. Nxc4 dxc4 39. Qxc4 Qf6 40. c6 Qd8 41. c7 Qc8 42. Bg4 Rxg4 43. hxg4 Bf6 44. d5 Kg7 45. d6 Qxg4 46. c8=Q Qh4+ 47.
Qh3 1-0

[Event "Early-Titled-Tuesday-Blitz-May-28-2024"]
[Site "Chess.com"]
[Date "2024.05.28"]
[Round "1"]
[White "Statham_01"]
[Black "Shivananda1964"]
[Result "1-0"]
[WhiteElo "2734"]
[BlackElo "2411"]
[TimeControl "180+1"]
[EndTime "8:07:40 PDT"]
[Termination "Statham_01 won on time"]

1. e4 Nc6 2. Nf3 e5 3. c3 d6 4. d4 Bg4 5. Bb5 a6 6. Bxc6+ bxc6 7. dxe5 Bxf3 8. Qxf3 dxe5 9. O-O Bd6 10. Nd2 Ne7 11. Nc4 Ng6 12. Be3 O-O 13. Rad1 Qe7 14. Na5 Qe6 15. Qf5 Qxa2 16. b4 Ne7 17. Qf3 Qe6 18. Rd2 f5 19. exf5 Rxf5 20. Qe4 Nd5 21. Nxc6 Nxe3 22. Qxe3 Raf8 23. Nd4 Qf6 24. Nxf5 Qxf5 25.
Qd3 Qg5 26. Qe3 Qg6 27. g3 h6 28. Re1 Rf5 29. Qe4 Qf7 30. Qd5 Rxf2 31. Qxf7+ Rxf7 32. Rf2 Re7 33. Kg2 Rd7 34. Ra2 e4 35. Rxe4 Rf7 36. Rxa6 Rf5 37. Rxd6 cxd6 38. Rd4 Rf6 39. b5 Kf7 40. b6 Rf5 41. Rb4 1-0

[Event "Early-Titled-Tuesday-Blitz-May-28-2024"]
[Site "Chess.com"]
[Date "2024.05.28"]
[Round "1"]
[White "Redbandit87"]
[Black "nabukatnezarr"]
[Result "0-1"]
[WhiteElo "2369"]
[BlackElo "2675"]
[TimeControl "180+1"]
[EndTime "8:07:40 PDT"]
[Termination "nabukatnezarr won by checkmate"]

1. d4 Nf6 2. Bf4 b6 3. e3 Bb7 4. Nf3 g6 5. h3 Bg7 6. Be2 O-O 7.
O-O d6 8. c4 c5 9. Nc3 Nc6 10. d5 Na5 11. Qc2 Re8 12. Bh2 a6 13. Rfd1 Qd7 14. e4 Rac8 15. a4 Qd8 16. e5 dxe5 17. Bxe5 Ba8 18. Bf1 Nb7 19. b3 Nd6 20. a5 Rb8 21. axb6 Qxb6 22. Ra3 Bb7 23. Bxd6 exd6 24.
Ra4 Bc8 25. Ra3 Bf5 26. Qa2 Ra8 27. Nb1 Ne4 28. Bd3 a5 29. Bxe4 Bxe4 30. Nbd2 Bd3 31. g4 Qb4 32. Kg2 Be2 33. Rg1 Qc3 34. Ra4 Reb8 35.
Ra1 Bxf3+ 36. Nxf3 Rxb3 37. Rxa5 Qxf3+ 38. Kg1 Rxa5 39. Qxa5 Bxa1 40. Qxa1 Qxh3 41. Qa8+ Kg7 42. Qa1+ Qc3 43. Qf1 Ra3 44. Kg2 Ra1 45. Qe2 Rc1 46. Qe7 Qe5 47. Qd7 Rxc4 48. Kf3 Qxd5+ 49. Kg3 Qe5+ 50. Kg2 Rf4 51. f3 Qe2+ 52. Kg3 Qxf3+ 53. Kh2 Qf2+ 54.
Kh1 Qf1+ 55. Kh2 Rf2+ 56. Kg3 Qg1+ 57. Kh4 Rh2+ 58. Kg5 Qe3# 0-1

[Event "Early-Titled-Tuesday-Blitz-May-28-2024"]
[Site "Chess.com"]
[Date "2024.05.28"]
[Round "1"]
[White "ahmedkandiliii"]
[Black "Oleksandr_Bortnyk"]
[Result "0-1"]
[WhiteElo "2529"]
[BlackElo "3015"]
[TimeControl "180+1"]
[EndTime "8:07:41 PDT"]
[Termination "Oleksandr_Bortnyk won by checkmate"]

1. e4 Nf6 2. d3 d5 3. Nd2 e5 4. Ngf3 Nc6 5. g3 dxe4 6. dxe4 Bc5 7. Bg2 O-O 8. O-O Qe7 9. c3 Be6 10. Qe2 a5 11. Nc4 Nd7 12. a4 f6 13. Be3 Qf7 14. Nfd2 Rfd8 15. Kh1 Bxe3 16. Nxe3 Ne7 17. f4 exf4 18. gxf4 Nc5 19. b4 axb4 20. cxb4 Nxa4 21. f5 Bd7 22. e5 fxe5 23. f6 gxf6 24. Ne4 f5 25.
Ng4 Kh8 26. Nxe5 Qg7 27. Ng5 Be8 28. Ne6 Qf6 29. Nxd8 Rxd8 30. Bxb7 Nc3 31. Qe3 Ncd5 32. Bxd5 Nxd5 33. Qd4 h6 34. Ra5 c6 35. Ra7 Rd6 36. Rg1 Re6 37. Nf3 Qxd4 38. Nxd4 Re4 39.
Nxf5 Nf6 40. Ra8 Rxb4 41. Nxh6 Kh7 42. Nf5 c5 43. Nd6 Bc6+ 44. Rg2 Rb1# 0-1

[Event "Early-Titled-Tuesday-Blitz-May-28-2024"]
[Site "Chess.com"]
[Date "2024.05.28"]
[Round "1"]
[White "soloderisas"]
[Black "Giantgoogachess"]
[Result "1/2-1/2"]
[WhiteElo "2630"]
[BlackElo "2338"]
[TimeControl "180+1"]
[EndTime "8:07:42 PDT"]
[Termination "Game drawn - insufficient material"]

1. d4 Nf6 2. Nf3 g6 3. Bf4 Bg7 4. e3 O-O 5. Be2 d6 6. h3 Nbd7 7. O-O b6 8. Nbd2 Bb7 9. a4 a6 10. a5 b5 11. c4 bxc4 12. Bxc4 c5 13. Qe2 cxd4 14. exd4 Nd5 15. Bg5 h6 16. Bxd5 Bxd5 17. Bxe7 Re8 18. Bxd8 Rxe2 19. Bc7 Rc8 20. Bxd6 Rc2 21.
Bf4 Rxb2 22. Rfe1 Rxe1+ 23. Rxe1 Ra2 24. Re8+ Kh7 25. Rd8 Nf6 26. Bc7 Rc2 27. Be5 Bb7 28. Bxf6 Bxf6 29. Rd7 Bxf3 30. Rxf7+ Kg8 31. Rxf6 Bxg2 32.
Kxg2 Rxd2 33. Rxg6+ Kh7 34. Rxa6 Rxd4 35. Rb6 Ra4 36. a6 Ra3 37. Rb7+ Kg6 38. a7 Kg5 39. Kf1 Kh4 40. Ke2 Ra2+ 41. Ke1 Kxh3 42. Rh7 Kg4 43.
Kd1 h5 44. Kc1 h4 45. Kb1 Ra5 46. Kb2 h3 47. Kb3 h2 48. Kb4 Rxa7 49. Rxh2 Rc7 50. Rh6 Rc2 51. Rf6 Kh3 52. f4 Kg4 53. Rf8 Rf2 54. Kc5 Rxf4 55. Rxf4+ Kxf4 1/2-1/2

[Event "Early-Titled-Tuesday-Blitz-May-28-2024"]
[Site "Chess.com"]
[Date "2024.05.28"]
[Round "1"]
[White "DanielDardha2005"]
[Black "GM_Huschenbeth"]
[Result "1-0"]
[WhiteElo "2883"]
[BlackElo "2490"]
[TimeControl "180+1"]
[EndTime "8:07:44 PDT"]
[Termination "DanielDardha2005 won by resignation"]

1. d4 d5 2. Nf3 Nf6 3. Bf4 c5 4. e3 e6 5. Nbd2 Bd6 6. dxc5 Bxc5 7. c4 O-O 8. Rc1 Bd6 9. Bxd6 Qxd6 10. cxd5 Nxd5 11.
Be2 Nc6 12. O-O Bd7 13. Ne4 Qe7 14. Nc5 Rab8 15. e4 Nf6 16. e5 Nd5 17. Qd2 Rfd8 18. Qc2 Rbc8 19. Qe4 Be8 20. Bd3 g6 21. Nb3 Ncb4 22.
Bb1 Bc6 23. Qg4 Bb5 24. Rfe1 Bd3 25. h4 Bxb1 26. Rxb1 Nd3 27. Red1 N5f4 28. Rd2 h5 29. Qg5 Qxg5 30. hxg5 Rd5 31. g3 Nxe5 32. Nxe5 Rxd2 33. Nxd2 Nh3+ 34. Kg2 Nxg5 35. Nef3 Nxf3 36. Kxf3 Rc2 37. Ke3 Kg7 38. Kd3 Rc7 39. Nf3 Kf6 40. Rh1 Rd7+ 41.
Ke3 Rc7 42. Rh4 Rc2 43. Rf4+ Ke7 44. Ne5 Rxb2 45. Rxf7+ Kd6 46. Nc4+ 1-0

[Event "Early-Titled-Tuesday-Blitz-May-28-2024"]
[Site "Chess.com"]
[Date "2024.05.28"]
[Round "1"]
[White "Mikasinski"]
[Black "PapiPapita"]
[Result "0-1"]
[WhiteElo "2707"]
[BlackElo "2428"]
[TimeControl "180+1"]
[EndTime "8:07:44 PDT"]
[Termination "PapiPapita won by resignation"]

1. e4 c6 2. d4 d5 3. e5 Bf5 4. h4 h5 5. Bd3 Bxd3 6. Qxd3 Qa5+ 7. Nd2 e6 8. Nf3 Nh6 9. O-O Be7 10. g3 c5 11. c4 Qa6 12. b3 Nc6 13. dxc5 Bxc5 14. a3 Nf5 15. b4 Bxb4 16. axb4 Qxa1 17. cxd5 Rd8 18. d6 O-O 19. Nc4 b5 20. Nb2 Nxb4 21.
Qxb5 Rb8 22. Qe2 Nd5 23. Nc4 Rb1 24. Bg5 Rxf1+ 25. Qxf1 Qxf1+ 26. Kxf1 f6 27. exf6 gxf6 28. Bd2 Rc8 29. d7 Rd8 30. Na5 Rxd7 31. Nc6 Nde7 32. Nb4 Nd4 33. Ne1 Nec6 34. Nbd3 e5 35. Nc5 Rd5 36.
Ne4 Kf7 37. Be3 Nf5 38. Bc1 Rd4 39. f3 Rxe4 40. fxe4 Nxg3+ 41. Kg2 Nxe4 42. Nd3 Ke6 43. Ba3 a5 44. Nb2 Kd5 45. Na4 Kc4 46. Nb6+ Kb3 47.
Bf8 a4 48. Kf3 Nc3 49. Bg7 a3 50. Nd7 a2 51. Nc5+ Kc4 52. Nd7 Nd4+ 53. Kg3 Ne4+ 54. Kg2 a1=Q 0-1

[Event "Early-Titled-Tuesday-Blitz-May-28-2024"]
[Site "Chess.com"]
[Date "2024.05.28"]
[Round "1"]
[White "Thunderbolt135"]
[Black "Engima32"]
[Result "1-0"]
[WhiteElo "2879"]
[BlackElo "2490"]
[TimeControl "180+1"]
[EndTime "8:07:46 PDT"]
[Termination "Thunderbolt135 won by checkmate"]

1. b3 c5 2. Bb2 Nc6 3. e4 Nf6 4. e5 Nd5 5. Nf3 g6 6. e6 f6 7.
exd7+ Qxd7 8. d4 cxd4 9. Nxd4 Nxd4 10. Qxd4 e5 11. Qe4 Bb4+ 12. c3 Bc5 13. Nd2 O-O 14. Bc4 Rd8 15. O-O-O Qc6 16. Qf3 Kg7 17. Ne4 Be7 18. h4 Nf4 19. g3 Bf5 20. Rde1 Bxe4 21. Rxe4 f5 22. Re3 Qxf3 23. Rxf3 Nd5 24. Bxd5 Rxd5 25. c4 Ra5 26. Re3 Bf6 27. a4 e4 28.
Rd1 Rf8 29. f3 exf3 30. Rxf3 Bxb2+ 31. Kxb2 Re5 32. Rd7+ Rf7 33. Rfd3 Ree7 34. Rxe7 Rxe7 35. Kc3 Kf6 36. c5 g5 37. hxg5+ Kxg5 38. b4 Kg4 39. b5 Re5 40. Kc4 Re4+ 41. Kb3 h5 42. c6 bxc6 43. bxc6 Re6 44. Rc3 Re8 45. Kb4 f4 46.
gxf4 h4 47. Kb5 h3 48. c7 h2 49. Rc1 Kxf4 50. Ka6 Re6+ 51. Kb7 Re7 52. Kb8 Rxc7 53. Kxc7 Kg3 54. a5 Kg2 55. a6 h1=Q 56. Rxh1 Kxh1 57. Kb7 Kg2 58. Kxa7 Kf3 59. Kb7 Ke4 60.
a7 Kd4 61. a8=Q Kc5 62. Qc8+ Kd4 63. Qc6 Ke3 64. Qd5 Ke2 65. Qd4 Kf1 66. Qd2 Kg1 67. Kc6 Kh1 68. Kd5 Kg1 69. Ke4 Kh1 70. Kf3 Kg1 71. Qg2# 1-0

[Event "Early-Titled-Tuesday-Blitz-May-28-2024"]
[Site "Chess.com"]
[Date "2024.05.28"]
[Round "1"]
[White "djokovic74"]
[Black "emeli_chess"]
[Result "1-0"]
[WhiteElo "2760"]
[BlackElo "2427"]
[TimeControl "180+1"]
[EndTime "8:07:46 PDT"]
[Termination "djokovic74 won by checkmate"]

1. e4 e5 2. Nf3 Nc6 3. Bb5 a6 4. Ba4 Nf6 5. O-O Nxe4 6. d4 b5 7. Bb3 d5 8. dxe5 Be6 9. Nbd2 Bc5 10. c3 O-O 11. Qe2 Bf5 12. a4 b4 13. cxb4 Nxb4 14. Nb1 d4 15. Bf4 d3 16. Qd1 Nxf2 17.
Rxf2 Nc2 18. Ra2 Ne3 19. Bxe3 Bxe3 20. Nc3 c5 21. Qe1 Bxf2+ 22. Qxf2 Rb8 23. Bc4 Rb4 24. b3 Re8 25. Rd2 Bg6 26. Qxc5 Qb6 27. Qxb6 Rxb6 28.
Kf2 Kf8 29. Nd5 Rb7 30. Ke3 f6 31. Kd4 fxe5+ 32. Nxe5 Rd8 33. Nxd3 Bxd3 34. Rxd3 a5 35. Kc5 g6 36. Rf3+ Kg7 37. Kc6 Rbb8 38. Kc5 Rb7 39. Kd4 Rbd7 40. Re3 h5 41. Re6 g5 42. Ra6 Rf7 43. Rxa5 Rf2 44. Ra7+ Kg6 45. Bd3+ Kh6 46. Rh7# 1-0

[Event "Early-Titled-Tuesday-Blitz-May-28-2024"]
[Site "Chess.com"]
[Date "2024.05.28"]
[Round "1"]
[White "Abund"]
[Black "Smiechu"]
[Result "1-0"]
[WhiteElo "2789"]
[BlackElo "2444"]
[TimeControl "180+1"]
[EndTime "8:07:47 PDT"]
[Termination "Abund won by resignation"]

1. e4 c5 2. Nf3 g6 3. c3 Bg7 4. d4 cxd4 5. cxd4 d5 6. e5 Nh6 7. h3 O-O 8. Nc3 Bf5 9. Be2 Nc6 10.
O-O Be4 11. Ng5 Nf5 12. f3 Bc2 13. Qxc2 Nfxd4 14. Qd1 h6 15. Nxf7 Rxf7 16. f4 e6 17. Bd3 Nf5 18. Qg4 Kh7 19. Kh2 h5 20. Qf3 Ncd4 21.
Qf2 h4 22. Be3 Nc6 23. Ne2 Bh6 24. Bxf5 Rxf5 25. Qg1 Qf8 26. Rf3 Qf7 27. Raf1 Rf8 28. Qf2 Qe7 29. Kh1 g5 30. Bc5 Qf7 31. Bxf8 Qxf8 32.
fxg5 Rxf3 33. Qxf3 Qxf3 34. Rxf3 Bxg5 35. Rf7+ Kg6 36.
Rxb7 d4 37. Kg1 d3 38. Nc3 Be3+ 39. Kf1 Nd4 40. Rxa7 Kf5 41. Rd7 Kxe5 42. a4 Kf4 43. a5 e5 44. a6 d2 45. a7 Nb5 46. Nxb5 1-0

[Event "Early-Titled-Tuesday-Blitz-May-28-2024"]
[Site "Chess.com"]
[Date "2024.05.28"]
[Round "1"]
[White "Chernov_Mikhail"]
[Black "SaqoChess_Twitch"]
[Result "1/2-1/2"]
[WhiteElo "2320"]
[BlackElo "2617"]
[TimeControl "180+1"]
[EndTime "8:07:47 PDT"]
[Termination "Game drawn by stalemate"]

1. e4 c5 2. Nf3 d6 3. d4 cxd4 4. Nxd4 Nf6 5. Nc3 g6 6. g4 Bxg4 7. f3 Bd7 8. Be3 Bg7 9. Qd2 Nc6 10. Bc4 Rc8 11. Bb3 O-O 12. O-O-O Nxd4 13. Bxd4 b5 14. h4 a5 15. h5 a4 16. hxg6 axb3 17. gxh7+ Kh8 18. axb3 b4 19. Nd5 e5 20. Bb6 Qe8 21.
Nxf6 Bxf6 22. Qxd6 Be6 23. Bc5 Qc6 24. Qxf8+ Rxf8 25. Bxf8 Bxb3 26. Rh2 Be6 27. Rg1 Bh3 28. Rg8+ Kxh7 29. Rg3 Bh4 30. Rhxh3 Qf6 31. Rg4 Qh6+ 32. Kb1 f5 33. Rhxh4 fxg4 34. Rxh6+ Kg8 35. Be7 gxf3 36. Bd6 Kg7 37. Rh1 Kf6 38. Rf1 Ke6 39. Rxf3 Kxd6 40. Rb3 Kc5 41. c3 Kb5 42. Kc2 Kc4 43. Rxb4+ Kc5 44.
Rb8 Kc6 45. Re8 Kc7 46. Rxe5 Kd6 47. Rd5+ Kc6 48. b3 Kc7 49. c4 Kc6 50. Kc3 Kc7 51. Kd4 Kc6 52. b4 Kc7 53. b5 Kb6 54. c5+ Kxb5 55.
Rd6 Ka5 56. Rb6 Ka4 57. c6 Ka5 58. Rb1 Ka6 59. c7 Ka7 60. c8=Q 1/2-1/2

[Event "Early-Titled-Tuesday-Blitz-May-28-2024"]
[Site "Chess.com"]
[Date "2024.05.28"]
[Round "1"]
[White "BeautiFullMindChess"]
[Black "SmirnovAlexandrA"]
[Result "0-1"]
[WhiteElo "2337"]
[BlackElo "2645"]
[TimeControl "180+1"]
[EndTime "8:07:48 PDT"]
[Termination "SmirnovAlexandrA won on time"]

1. e4 d5 2. exd5 Qxd5 3. Nc3 Qd6 4. d4 Nf6 5. Nf3 a6 6. h3 b5 7. Bd3 Bb7 8. O-O Nbd7 9. Re1 e6 10. a4 b4 11. Ne4 Nxe4 12. Bxe4 Bxe4 13. Rxe4 Nf6 14.
Bf4 Qb6 15. Re1 Bd6 16. Be5 Rd8 17. Bxf6 gxf6 18. Qe2 O-O 19. Qe4 Qa5 20. Qc6 Rb8 21. Re4 f5 22. Rh4 Rb6 23. Qc4 Qd5 24. Qxd5 exd5 25.
Rh5 Rc6 26. Ne1 Rc4 27. Rd1 Re8 28. Kf1 b3 29. cxb3 Rb4 30. Rd3 Reb8 31. Rxf5 Rxb3 32. Rxd5 Rxb2 33. Rg5+ Kf8 34. Rdg3 Rb1 35. Rg8+ Ke7 36. Rxb8 Rxb8 37. Re3+ Kd7 38. Nd3 Rb1+ 39. Ke2 Ra1 40. Ne5+ Bxe5 41. dxe5 Rxa4 42. g3 c5 43. f4 Kc6 44.
Rd3 Rd4 45. Rxd4 cxd4 46. Kd3 Kd5 47. g4 a5 48. h4 a4 49. Kc2 Ke4 50. h5 Kxf4 0-1

[Event "Early-Titled-Tuesday-Blitz-May-28-2024"]
[Site "Chess.com"]
[Date "2024.05.28"]
[Round "1"]
[White "AlbusSevresPotter"]
[Black "Msb2"]
[Result "1-0"]
[WhiteElo "2554"]
[BlackElo "3045"]
[TimeControl "180+1"]
[EndTime "8:07:49 PDT"]
[Termination "AlbusSevresPotter won by checkmate"]

1. e4 e6 2. d4 d5 3. Nc3 Nf6 4. e5 Nfd7 5. f4 c5 6. Nf3 Nc6 7. Be3 Rb8 8. Qd2 Qa5 9. Be2 b5 10. O-O b4 11. Nd1 cxd4 12. Nxd4 Nxd4 13. Bxd4 Bc5 14.
Ne3 Bxd4 15. Qxd4 Qc5 16. Rfd1 O-O 17. a3 a5 18. axb4 axb4 19. Ra7 Bb7 20. Qxc5 Nxc5 21.
Rd4 Ba8 22. Rc7 Na4 23. Nd1 g6 24. b3 Nc3 25. Nxc3 bxc3 26. Rxc3 Rfc8 27. Rxc8+ Rxc8 28. Bd3 Bc6 29. Rb4 Ra8 30. Rb6 Be8 31. Kf2 Kf8 32. Ke3 Ra1 33. Rb8 Ke7 34. Rb7+ Kf8 35. b4 Rb1 36. b5 Rb4 37. c3 Rb2 38. b6 Bc6 39. Rb8+ Ke7 40. Kd4 Bd7 41. Ba6 Ra2 42. b7 Rxa6 43.
Ra8 Rb6 44. b8=Q Rxb8 45. Rxb8 h6 46. g3 h5 47. Kc5 Ba4 48. Rb7+ Kf8 49. Kd6 Bc2 50.
h4 Bf5 51. Rb8+ Kg7 52. Ke7 g5 53. hxg5 Be4 54. Rf8 Bg6 55. Ke8 Kh7 56. Ke7 Kg7 57. Rd8 Bf5 58. Rb8 Be4 59. Rb7 d4 60. Rb4 h4 61.
gxh4 Bd5 62. Rxd4 Kg6 63. c4 Kh5 64. cxd5 exd5 65. Rxd5 f5 66. exf6 Kxh4 67. f7 Kg3 68.
g6 Kf3 69. f5 Ke4 70. Ke6 Ke3 71. f8=Q Ke2 72. Qb4 Kf3 73. Rd3+ Kf2 74. Qd2+ Kf1 75. Re3 Kg1 76. Re1# 1-0

[Event "Early-Titled-Tuesday-Blitz-May-28-2024"]
[Site "Chess.com"]
[Date "2024.05.28"]
[Round "1"]
[White "stollenmonster"]
[Black "ExtremeLearner"]
[Result "1-0"]
[WhiteElo "2903"]
[BlackElo "2504"]
[TimeControl "180+1"]
[EndTime "8:07:49 PDT"]
[Termination "stollenmonster won by resignation"]

1. e4 e6 2. Nc3 d5 3. g3 Nf6 4.
Bg2 d4 5. Nce2 c5 6. d3 Nc6 7. h3 h5 8. f4 e5 9. Nf3 Bd6 10. O-O Qc7 11. c3 dxc3 12. bxc3 c4 13. d4 Nxe4 14.
fxe5 Be7 15. Nh4 Nxg3 16. Nxg3 Bxh4 17. Nxh5 g6 18. Nf4 Bf5 19. Nd5 Qd7 20. Ba3 O-O-O 21.
Qf3 Be6 22. Nf4 Bf5 23. Nd5 Bg5 24. Qg3 Bxh3 25. Qxg5 Bxg2 26. Qxg2 Rh4 27. Nf6 Qe6 28. d5 Qxe5 29. dxc6 bxc6 30. Qxc6+ Qc7 31. Qa8+ Qb8 32.
Qxb8+ Kxb8 33. Rab1+ Ka8 34. Rf2 Rd3 35. Re1 Rg3+ 36. Rg2 Rf3 37. Ng4 Rf4 38. Nf2 f5 39. Bc5 g5 40. Be3 Rf3 41. Bxg5 f4 42. Bxh4 Rg3 43. Rxg3 fxg3 44. Bxg3 1-0

[Event "Early-Titled-Tuesday-Blitz-May-28-2024"]
[Site "Chess.com"]
[Date "2024.05.28"]
[Round "1"]
[White "Grandmaster1369"]
[Black "Flaccidmoves"]
[Result "1/2-1/2"]
[WhiteElo "2804"]
[BlackElo "2467"]
[TimeControl "180+1"]
[EndTime "8:07:49 PDT"]
[Termination "Game drawn by repetition"]

1. e4 g6 2. d4 Bg7 3. Nc3 d6 4. Be3 a6 5. Qd2 b5 6. O-O-O Nf6 7. f3 O-O 8. h4 h5 9. Bh6 b4 10. Nce2 c5 11. g4 Qa5 12. Kb1 Nc6 13. Bxg7 Kxg7 14.
d5 Ne5 15. Ng3 Nfxg4 16. fxg4 Bxg4 17. Be2 c4 18. Qd4 b3 19. cxb3 cxb3 20. axb3 Kg8 21. Bxg4 Nxg4 22. N1e2 Rab8 23. Nc1 Rfc8 24. Rd3 Rb4 25.
Qg1 Qb5 26. Rc3 Rxc3 27. bxc3 Rxb3+ 28. Nxb3 Qxb3+ 29. Ka1 Qa3+ 30. Kb1 Qb3+ 31. Kc1 Qxc3+ 32. Kd1 Qf3+ 33. Ke1 Qc3+ 34. Ke2 Qc2+ 35. Kf1 Qd1+ 36. Kg2 Qd2+ 37. Kf1 Qd1+ 38. Kg2 Qd2+ 39. Kh3 Nf2+ 40. Kg2 Nxe4+ 41. Kf3 Nf6 42. Qe3 Qxd5+ 43. Ke2 Ng4 44. Qf3 Qc4+ 45. Ke1 Qc1+ 46. Ke2 Qc2+ 47. Ke1 Qc1+ 48.
Ke2 Qc2+ 49. Ke1 Qc1+ 1/2-1/2

[Event "Early-Titled-Tuesday-Blitz-May-28-2024"]
[Site "Chess.com"]
[Date "2024.05.28"]
[Round "1"]
[White "AsselLesbekova"]
[Black "Sippp"]
[Result "0-1"]
[WhiteElo "2448"]
[BlackElo "2803"]
[TimeControl "180+1"]
[EndTime "8:07:49 PDT"]
[Termination "Sippp won by resignation"]

1. e4 c5 2. Nf3 g6 3. c3 d5 4.
exd5 Qxd5 5. d4 Bg7 6. Be3 cxd4 7. Bxd4 Nf6 8. c4 Qa5+ 9. Bc3 Qb6 10. Be2 Nc6 11. O-O O-O 12. Qb3 Qc7 13. Na3 Bg4 14.
Nb5 Qb6 15. Nbd4 Nxd4 16. Nxd4 Qc7 17. h3 Bxe2 18. Nxe2 Rac8 19. Rac1 Qxc4 20. Qxc4 Rxc4 21. Bxf6 Rxc1 22. Rxc1 Bxf6 23. Rc7 Rb8 24. Ng3 Kf8 25. b3 a5 26. Ne4 Bd4 27. Rd7 Bg7 28. Nc5 b6 29.
Na6 Rc8 30. Nc7 Be5 31. f4 Bxc7 32. g3 Bd6 33. Rb7 Rc1+ 34. Kg2 Rc2+ 35. Kf3 Bc5 36. g4 Rxa2 37. f5 gxf5 38. gxf5 Kg7 39. Ke4 Ra3 40. Kd5 Rxb3 41. h4 Rh3 42. h5 Kf6 43. Ke4 Rxh5 44. Rb8 Rh4+ 45. Kd5 Kxf5 46. Rf8 Rd4+ 47. Kc6 f6 48.
Rf7 e5 49. Rxh7 e4 50. Rh5+ Ke6 51. Rh8 e3 52. Re8+ Be7 53. Kxb6 0-1

[Event "Early-Titled-Tuesday-Blitz-May-28-2024"]
[Site "Chess.com"]
[Date "2024.05.28"]
[Round "1"]
[White "AlexandraSamaganova"]
[Black "Mikayel99"]
[Result "1-0"]
[WhiteElo "2373"]
[BlackElo "2643"]
[TimeControl "180+1"]
[EndTime "8:07:49 PDT"]
[Termination "AlexandraSamaganova won on time"]

1. c4 g6 2. Nc3 Bg7 3. g3 Nf6 4. Bg2 O-O 5. e3 e5 6. Nge2 c6 7.
O-O d5 8. cxd5 cxd5 9. d3 Nc6 10. h3 Be6 11. a3 a6 12. b4 b5 13. Bb2 Rc8 14. Rc1 Qd6 15. f4 d4 16. exd4 exd4 17. Ne4 Nxe4 18. dxe4 d3 19. Nc3 Nxb4 20. e5 Qb6+ 21. Kh2 Nc2 22. Qxd3 Ne3 23. Rf2 Rfd8 24. Qe2 Nxg2 25. Rxg2 Bf8 26. Ne4 Rxc1 27. Nf6+ Kg7 28. Bxc1 Bc4 29. Qb2 Qe6 30. Bd2 Bc5 31. Bb4 Bd4 32.
Bc3 Bb6 33. Rd2 Bf1 34. g4 Rc8 35. Bd4 Ba5 36. Rc2 Rxc2+ 37. Qxc2 Qc4 38. Qf2 Bd3 39. Ne8+ Kf8 40. Nd6 Qd5 41. Bc5 Kg8 42. Nc8 Kh8 43. Ne7 Qe4 44. Bd4 Kg7 45. e6+ Kf8 46. Bc5 Be1 47. Qb2 1-0

[Event "Early-Titled-Tuesday-Blitz-May-28-2024"]
[Site "Chess.com"]
[Date "2024.05.28"]
[Round "1"]
[White "frankshar"]
[Black "jumpingknight20"]
[Result "1-0"]
[WhiteElo "2514"]
[BlackElo "2770"]
[TimeControl "180+1"]
[EndTime "8:07:51 PDT"]
[Termination "frankshar won on time"]

1. e4 e6 2. d4 d5 3. Nd2 Nc6 4. Ngf3 Nf6 5. e5 Nd7 6. Bd3 f6 7. Ng5 fxg5 8. Qh5+ g6 9. Bxg6+ hxg6 10. Qxh8 Nxd4 11. O-O Nxc2 12. Nf3 Qe7 13. Bxg5 Qg7 14. Qxg7 Bxg7 15. Rac1 Nb4 16. Rxc7 Nc6 17. Re1 Bf8 18. Rc1 Bb4 19. Nd4 Ba5 20. Nb5 Kf8 21. b4 Bb6 22. a4 a5 23. Bd2 axb4 24. a5 Bxc7 25. Nxc7 Rxa5 26. Rxc6 Ra1+ 27. Rc1 Rxc1+ 28. Bxc1 Nxe5 29. Bf4 Nd3 30. Bd6+ Kf7 31. Nb5 b3 32.
Na3 Bd7 33. Kf1 e5 34. Ke2 e4 35. f3 Ke6 36. Bf8 b5 37. fxe4 dxe4 38. Ke3 Kd5 39. Nb1 b4 40. Nd2 b2 41. h3 Ba4 42. g4 Bc2 43. h4 b1=Q 44. Nxb1 Bxb1 45. h5 gxh5 46. gxh5 Ke6 47. Kxe4 b3 48. Bg7 Kf7 49. Bc3 1-0

[Event "Early-Titled-Tuesday-Blitz-May-28-2024"]
[Site "Chess.com"]
[Date "2024.05.28"]
[Round "1"]
[White "Eliwood44"]
[Black "zimmm36"]
[Result "0-1"]
[WhiteElo "2439"]
[BlackElo "2783"]
[TimeControl "180+1"]
[EndTime "8:07:51 PDT"]
[Termination "zimmm36 won on time"]

1. d4 Nf6 2. Nf3 g6 3. Nc3 d5 4. Bf4 Bg7 5. Nb5 Na6 6. e3 O-O 7. h3 c6 8. Nc3 Qb6 9. Rb1 Ne4 10. Nxe4 dxe4 11. Nd2 Qa5 12. Bc4 c5 13. c3 cxd4 14. exd4 Bf5 15. Be3 e5 16. dxe5 Bxe5 17. O-O Rad8 18.
Qe2 Qc7 19. Bxa6 bxa6 20. Qxa6 Rd3 21. Rfe1 Rfd8 22. Nf1 R8d7 23. Rbc1 Be6 24. Bd4 Bxd4 25. cxd4 Qf4 26. Rc6 R3xd4 27. a4 Kg7 28. Qb5 R7d5 29.
Qe2 Rxa4 30. Rec1 Rb4 31. Ne3 Rdb5 32. R1c2 Qe5 33. Ng4 Bxg4 34. Qxg4 Rxb2 35. Rxb2 Rxb2 36. g3 e3 37. Rc1 Rxf2 38. Re1 Qb2 39. Qe4 Rh2 40.
Rf1 Rxh3 41. Rxf7+ Kxf7 42. Qd5+ Kf6 43. Qd8+ Kf5 44.
Qd7+ Ke4 45. Qe6+ Kf3 46. Qd5+ Kxg3 47. Qd6+ Kg4 48. Qe6+ Kg5 49. Qe7+ Kh6 50. Qf8+ Qg7 51. Qf4+ g5 52. Qd6+ Qg6 53. Qf8+ Kh5 54. Qf1 Qe6 0-1

[Event "Early-Titled-Tuesday-Blitz-May-28-2024"]
[Site "Chess.com"]
[Date "2024.05.28"]
[Round "1"]
[White "ProtectiveCarrot"]
[Black "Makswolf200817"]
[Result "0-1"]
[WhiteElo "2433"]
[BlackElo "2774"]
[TimeControl "180+1"]
[EndTime "8:07:51 PDT"]
[Termination "Makswolf200817 won on time"]

1. d4 d5 2. Bf4 c5 3. e3 Nc6 4. Nf3 Nf6 5. Nbd2 Qb6 6. dxc5 Qxb2 7. Rb1 Qc3 8. Bb5 e6 9. O-O Be7 10. Nb3 O-O 11. Bxc6 bxc6 12. Be5 Qc4 13. Nfd4 Bd7 14. Na5 Qxc5 15. Nb7 Qa3 16. Qd3 Ne4 17. Rb3 Qxa2 18. Nxc6 Bxc6 19. Ra1 Bb5 20. Rxa2 Bxd3 21. cxd3 Rfc8 22.
Ra1 Nf6 23. g3 Nd7 24. Bd4 a6 25. Na5 Rab8 26. Rxb8 Nxb8 27. Rb1 Bd8 28. Nb3 Nc6 29. Rc1 Ne7 30. Ra1 Ra8 31. Nc5 a5 32. Ra4 Nc6 33. Bc3 Kf8 34. d4 Ke7 35. Kf1 Bb6 36. Nd3 Kd6 37. Ke2 f6 38. Bb2 Kc7 39. Ba3 Kb7 40. Bc5 e5 41. dxe5 fxe5 42. Rg4 g6 43. Bxb6 Kxb6 44. Nb2 Kb5 45. Kd3 a4 46. Nd1 d4 47.
exd4 exd4 48. Kc2 a3 49. Kb1 Nb4 50. Rg5+ Kc4 51. Ka1 Kb3 52. Rb5 a2 0-1

[Event "Early-Titled-Tuesday-Blitz-May-28-2024"]
[Site "Chess.com"]
[Date "2024.05.28"]
[Round "1"]
[White "IamSchrodingersCat"]
[Black "stepanosinovsky"]
[Result "1-0"]
[WhiteElo "2660"]
[BlackElo "2360"]
[TimeControl "180+1"]
[EndTime "8:07:51 PDT"]
[Termination "IamSchrodingersCat won on time"]

1. e4 e5 2. Nf3 Nc6 3. Bb5 a6 4.
Ba4 Nf6 5. d3 Be7 6. O-O d6 7. c3 O-O 8. Re1 h6 9. Nbd2 Nh7 10. Nf1 f5 11. h3 f4 12. d4 Bf6 13.
Bxc6 bxc6 14. dxe5 dxe5 15. b3 Kh8 16. Ba3 Rg8 17.
Qxd8 Rxd8 18. Rad1 Be6 19. N1h2 h5 20. Nf1 Nf8 21. Rd2 Rxd2 22. N1xd2 g5 23. Rd1 Rd8 24. Bxf8 Rxf8 25. Nc4 Bxc4 26. bxc4 g4 27. hxg4 hxg4 28. Nh2 g3 29. fxg3 fxg3 30. Nf1 Be7 31. Nxg3 Bc5+ 32. Kh2 Rf4 33. Rd8+ Kh7 34. Rd7+ Kg6 35. Kh3 Bd6 36. c5 Bxc5 37. Rxc7 Kg5 38. Rg7+ Kh6 39. Rc7 Kg5 40. Rg7+ Kh6 41. Rg8 Kh7 42. Rg5 Bd6 43. Nf5 1-0